 Dungeon Crawl Stone Soup version 0.22.1-1-ga44c0e5 (webtiles) character file.

57 Rayvis the Sneak (level 3, 0/16 HPs)
             Began as a Spriggan Necromancer on Nov 9, 2018.
             Succumbed to an adder's poison
             ... on level 2 of the Dungeon.
             The game lasted 00:04:07 (2664 turns).

Rayvis the Sneak (Spriggan Necromancer)             Turns: 2664, Time: 00:04:09

Health: 0/16       AC:  2    Str:  4    XL:     3   Next: 73%
Magic:  2/8        EV: 19    Int: 16    God:
Gold:   34         SH:  0    Dex: 17    Spells: 6/7 levels left

rFire    . . .     SeeInvis +   e - +0 dagger
rCold    . . .     Gourm    .   (shield restricted)
rNeg     . . .     Faith    .   a - +0 robe
rPois    .         Spirit   .   (helmet restricted)
rElec    .         Reflect  .   (no cloak)
rCorr    .         Harm     .   (gloves unavailable)
MR       .....                  (boots unavailable)
Stlth    +++.......             (no amulet)
HPRegen  0.05/turn              (no ring)
MPRegen  0.11/turn              (no ring)

@: lethally poisoned (0 -> -4), very slightly contaminated, very quick
A: very small, unfitting armour, see invisible, herbivore, speed 3, slow
metabolism 2
a: no special abilities


You were on level 2 of the Dungeon.
You were not hungry.

You visited 1 branch of the dungeon, and saw 2 of its levels.

You collected 34 gold pieces.

Inventory:

Hand Weapons
 e - a +0 dagger (weapon)
Armour
 a - a +0 robe (worn)
Scrolls
 d - a scroll of remove curse
Comestibles
 c - a ration


   Skills:
 + Level 4.2 Dodging
 * Level 5.6 Stealth
 - Level 2.6 Spellcasting
 - Level 3.6 Necromancy


You had 6 spell levels left.
You knew the following spells:

 Your Spells              Type           Power        Failure   Level  Hunger
a - Pain                  Necr           ##..         4%          1    #......

Your spell library contained the following spells:

 Spells                   Type           Power        Failure   Level  Hunger
 Animate Skeleton         Necr           N/A          4%          1    #......
 Vampiric Draining        Necr           ##........   13%         3    ###....
 Regeneration             Chrm/Necr      #.........   28%         3    ###....
 Animate Dead             Necr           N/A          41%         4    #####..


Dungeon Overview and Level Annotations

Branches:
Dungeon (2/15)

Altars:


Innate Abilities, Weirdness & Mutations

You are very small and have problems with some larger weapons.
You are too small for most types of armour.
You have supernaturally acute eyesight. (SInv)
You are a herbivore.
You cover ground extremely quickly.
You need to consume almost no food.


Message History

Aim: an adder (chance to defeat MR: 77%)
The adder barely resists.
The adder bites you.
You are lethally poisoned!
The adder poisons you!
Casting: Pain (safe; 4% risk of failure)
Confirm with . or Enter, or press ? or * to list all spells.
Aiming: Pain (safe; 4% risk of failure)
Press: ? - help, Shift-Dir - straight line, f/p - adder
Aim: an adder (chance to defeat MR: 77%)
The adder writhes in agony!
* * * LOW HITPOINT WARNING * * *
You feel sick. The adder barely misses you.
You aren't carrying any potions.
Unknown command.
Okay, then.
* * * LOW HITPOINT WARNING * * *
You feel sick.
* * * LOW HITPOINT WARNING * * *
You feel sick.
You die...

#....####.....#
#....# #..### #....#
.... . #....# .##.# .
##...## #.# # .
###.h###..# .
##S.)..# . ##..### .
#..@.# . ##.#.###
..... #.#...# .....
#######.###.# ......
#.[......##.# .....
#......b.##.#####...#
#........##..>#.!.#
#####..<.##.......#
####....†.....#


You could see an adder, a jackal and a bat.

Vanquished Creatures
  An adder (D:1)
  2 oozes
  A leopard gecko (D:2)
  7 bats
  A giant cockroach (D:1)
  2 goblins (D:1)
  2 hobgoblins (D:1)
  10 jackals
  5 kobolds (D:1)
  A frilled lizard (D:1)
  3 rats (D:1)
35 creatures vanquished.

Notes
Turn   | Place    | Note
-------+----------+-------------------------------------------
     0 | D:1      | Rayvis the Spriggan Necromancer began the quest for the
                  | Orb.
     0 | D:1      | Reached XP level 1. HP: 9/9 MP: 5/5
   373 | D:1      | Reached XP level 2. HP: 13/13 MP: 4/6
   431 | D:1      | Reached skill level 4 in Stealth
  1512 | D:1      | Reached XP level 3. HP: 10/16 MP: 4/8
  1869 | D:2      | Reached skill level 5 in Stealth
  2664 | D:2      | Succumbed to an adder's poison

Skill      XL: |  1  2  3 |
---------------+----------+-----
Stealth        | 4 5 |  5.6
Dodging        | 4 |  4.2
Spellcasting   | |  2.6
Necromancy     | |  3.6

Action                   || total
-------------------------++-------
Melee: Unarmed           ||     2
       Dagger            ||    89
 Cast: Pain              ||    69
  Use: Scroll            ||     7
       Potion            ||     4
 Stab: Sleeping          ||     2
Armor: Robe              ||    19
       Skin              ||   132
Dodge: Dodged            ||   140
